 Dungeon Sprint DCSS version 0.22-a0-538-g76cc104 (webtiles) character file.

34349 raistware the Pandemonic (level 13, -10/125 HPs)
             Began as a Hill Orc Fighter on June 23, 2018.
             Was a High Priest of Makhleb.
             Mangled by a frost giant
             ... wielding a +0 battleaxe of freezing
              (11 damage)
             ... in the Dungeon (Sprint IX: "|||||||||||||||||||||||||||||").
             The game lasted 00:25:28 (2472 turns).

raistware the Pandemonic (Hill Orc Fighter)         Turns: 2472, Time: 00:25:28

Health: -10/125    AC: 25    Str: 27    XL:     13   Next: 76%
Magic:  25/25      EV: 15    Int:  8    God:    Makhleb [*****.]
Gold:   239        SH: 14    Dex: 10    Spells: 12/12 levels left

rFire    . . .     SeeInvis .   G - +1 double sword
rCold    . . .     Gourm    +   c - +0 shield
rNeg     . . .     Faith    .   K - +0 storm dragon scales
rPois    .         Spirit   .   H - +1 helmet
rElec    +         Reflect  .   (no cloak)
rCorr    .         Harm     .   s - +0 pair of gloves
MR       .....     NoTele   +   q - +1 pair of boots
Stlth    ..........             B - amulet of the gourmand
HPRegen  0.30/turn              t - +2 ring of protection
MPRegen  0.19/turn              u - +3 ring of strength

@: very slightly contaminated
A: claws 1, hooves 1, deterioration 1
a: Minor Destruction, Lesser Servant of Makhleb, Major Destruction, Greater
Servant of Makhleb, Renounce Religion


You were in the Dungeon.
You worshipped Makhleb.
Makhleb was extremely pleased with you.
You were completely stuffed.

You visited 1 branch You collected 1919 gold pieces.
You spent 1680 gold pieces at shops.

Inventory:

Hand Weapons
 a - a +0 morningstar
 G - a +1 double sword (weapon)
Missiles
 z - 2 throwing nets (quivered)
Armour
 c - a +0 shield (worn)
 q - a +1 pair of boots (worn)
 s - a +0 pair of gloves (worn)
 y - a +1 large shield
 H - a +1 helmet (worn)
 K - +0 storm dragon scales (worn)
Jewellery
 b - the ring "Humugh" {rPois rN+ Str+3 Int-5}
   (You found it in the Dungeon)

   [ring of poison resistance]

   It affects your strength (+3).
   It affects your intelligence (-5).
   It protects you from poison.
   It protects you from negative energy.
 t - a +2 ring of protection (left hand)
 u - a +3 ring of strength (right hand)
 B - an amulet of the gourmand (around neck)
 C - an uncursed amulet of regeneration
 D - an uncursed ring of ice
 E - an uncursed ring of fire
 F - an uncursed ring of ice
Wands
 p - a wand of iceblast (15)
Scrolls
 d - 2 scrolls of fog
 k - 3 scrolls of blinking
 n - 4 scrolls of remove curse
 o - 2 scrolls of amnesia
 v - 3 scrolls of fear
 w - a scroll of identify
 x - 2 scrolls of enchant weapon
Potions
 e - 6 potions of curing
 h - a potion of haste
 i - 4 potions of magic
 j - 2 potions of berserk rage
 l - a potion of degeneration {unknown}
 m - 2 potions of invisibility
 I - a potion of brilliance
 J - a potion of might
Miscellaneous
 A - a lightning rod (4/4)
Comestibles
 f - 11 rations
 L - 5 chunks of flesh


   Skills:
 + Level 14.4 Fighting
 - Level 16.0 Long Blades
 + Level 14.1 Maces & Flails
 + Level 15.1 Armour
 + Level 13.6 Dodging
 + Level 15.1 Shields
 + Level 16.2 Invocations


You had 12 spell levels left.
You didn't know any spells.
Your spell library was empty.

Dungeon Overview and Level Annotations

Branches:
Dungeon (1/1)

Altars:
Cheibriados
Dithmenos
Elyvilon
Fedhas
Gozag
Hepliaklqana
Kikubaaqudgha
Makhleb
Nemelex Xobeh
Okawaru
Qazlal
Ru
Sif Muna
Trog
Uskayaw
Vehumet
Wu Jian
Xom
Yredelemnul
Zin
The Shining One
Beogh
Jiyva
Lugonu

Shops:
D }=!:


Innate Abilities, Weirdness & Mutations

You have sharp fingernails.
You have large cloven feet.
Your body sometimes deteriorates upon taking damage.


Message History

The frost giant freezes you.
* * * LOW HITPOINT WARNING * * *
You hit the frost giant.
The frost giant is moderately wounded.
The frost giant hits you with a battleaxe of freezing!
* * * LOW HITPOINT WARNING * * *
The frost giant freezes you.
* * * LOW HITPOINT WARNING * * *
You feel better.
You recover from your berserk rage.
You feel better.
The frost giant hits you with a battleaxe of freezing!
* * * LOW HITPOINT WARNING * * *
The frost giant freezes you.
* * * LOW HITPOINT WARNING * * *
You feel better.
The frost giant hits you with a battleaxe of freezing!!
* * * LOW HITPOINT WARNING * * *
The frost giant freezes you!
You die...

▓▓▓▓▓▓▓▓▓▓▓▓▓▓▓▓▓▓▓
▓)......g.....(((['
▓C▓▓▓▓▓▓▓▓▓▓▓▓▓▓▓▓▓
▓.@................
▓▓▓▓▓▓▓▓▓▓▓▓▓▓▓▓▓▓▓
▓...............)))
▓.▓▓▓▓▓▓▓▓▓▓▓▓▓▓▓▓▓
▓..................
▓▓▓▓▓▓▓▓▓▓▓▓▓▓▓▓▓▓▓
▓.........'.=...)))
▓.▓▓▓▓▓▓▓▓▓▓▓▓▓▓▓▓▓
▓..................


You could see a frost giant.

Vanquished Creatures
  Saint Roka (D)
  A nagaraja (D)
  A fire giant (D)
  A fire dragon (D)
  Harold (D)
  A hydra (D)
  An ice dragon (D)
  A rakshasa (D)
  A centaur warrior (D)
  A death knight (D)
  3 death yaks (D)
  A two-headed ogre (D)
  Urug (D)
  2 hell knights (D)
  A harpy (D)
  A deep elf mage (D)
  2 mana vipers (D)
  A wolf spider (D)
  2 orc sorcerers (D)
  A moth of wrath (D)
  4 black mambas (D)
  A gargoyle (D)
  A spiny frog (D)
  A komodo dragon (D)
  A blink frog (D)
  A hippogriff (D)
  6 yaks (D)
  Eustachio (D)
  Grum (D)
  3 water moccasins (D)
  A porcupine (D)
  4 orc warriors (D)
  2 ice beasts (D)
  4 wolves (D)
  2 ogres (D)
  5 crocodiles (D)
  2 bullfrogs (D)
  A crimson imp (D)
  A jelly (D)
  5 orc wizards (D)
  3 orc priests (D)
  A worker ant (D)
  2 adder zombies (D)
  An adder skeleton (D)
  A dart slug (D)
  6 orcs (D)
  A bat (D)
  A giant cockroach (D)
  2 hobgoblins (D)
  A kobold (D)
  A frilled lizard (D)
  A quokka skeleton (D)
93 creatures vanquished.

Vanquished Creatures (collateral kills)
  Rupert (D)
  3 stone giants (D)
  An entropy weaver (D)
  A merfolk impaler (D)
  A naga warrior (D)
  A fire dragon (D)
  2 great orbs of eyes (D)
  3 alligators (D)
  An ogre mage (D)
  A tengu warrior (D)
  A deep troll shaman (D)
  A sea snake (D)
  A shambling mangrove (D)
  A harpy (D)
  6 orc sorcerers (D)
  2 wolf spiders (D)
  A mana viper (D)
  2 orc knights (D)
  A cyclops (D)
  A water nymph (D)
  A black mamba (D)
  A merfolk siren (D)
  2 naga magi (D)
  A spiny frog (D)
  2 demonic crawlers (D)
  A tengu conjurer (D)
  A jumping spider (D)
  A polar bear (shapeshifter) (D)
  A wind drake (D)
  A hornet (D)
  A bog body (D)
  A tyrant leech (D)
  A snapping turtle (D)
  A redback (D)
  A spriggan (D)
  A basilisk (D)
  A swamp drake (D)
  9 orc warriors (D)
  7 orc wizards (D)
  An orc priest (D)
  An orc (D)
69 creatures vanquished.

Grand Total: 162 creatures vanquished

Notes
Turn   | Place    | Note
-------+----------+-------------------------------------------
     0 | D        | raistware the Hill Orc Fighter began the quest for the Orb.
     0 | D        | Reached XP level 1. HP: 19/19 MP: 1/1
    21 | D        | Reached XP level 2. HP: 24/26 MP: 2/2
    30 | D        | Noticed an ice beast
    32 | D        | Reached skill level 5 in Long Blades
    41 | D        | Reached XP level 3. HP: 22/31 MP: 3/3
    49 | D        | Killed an ice beast
    49 | D        | Reached XP level 4. HP: 29/39 MP: 4/4
    49 | D        | Reached XP level 5. HP: 33/45 MP: 5/5
    51 | D        | Reached skill level 10 in Long Blades
    64 | D        | Found a roughly hewn altar of Beogh.
    64 | D        | Found a snail-covered altar of Cheibriados.
    64 | D        | Found a shadowy altar of Dithmenos.
    64 | D        | Found a white marble altar of Elyvilon.
    64 | D        | Found a blossoming altar of Fedhas.
    64 | D        | Found an opulent altar of Gozag.
    65 | D        | Found a hazy altar of Hepliaklqana.
    66 | D        | Found a viscous altar of Jiyva.
    67 | D        | Found an ancient bone altar of Kikubaaqudgha.
    68 | D        | Found a corrupted altar of Lugonu.
    69 | D        | Found a burning altar of Makhleb.
    70 | D        | Found a sparkling altar of Nemelex Xobeh.
    71 | D        | Found an iron altar of Okawaru.
    72 | D        | Found a stormy altar of Qazlal.
    73 | D        | Found a sacrificial altar of Ru.
    74 | D        | Found a deep blue altar of Sif Muna.
    75 | D        | Found a bloodstained altar of Trog.
    76 | D        | Found a hide-covered altar of Uskayaw.
    77 | D        | Became a worshipper of Makhleb the Destroyer
    78 | D        | Found a radiant altar of Vehumet.
    79 | D        | Found an ornate altar of the Wu Jian Council.
    80 | D        | Found a shimmering altar of Xom.
    81 | D        | Found a basalt altar of Yredelemnul.
    82 | D        | Found a glowing silver altar of Zin.
    83 | D        | Found a glowing golden altar of the Shining One.
   156 | D        | Noticed a two-headed ogre
   156 | D        | Noticed an ice beast
   156 | D        | Noticed a yak
   161 | D        | Killed a two-headed ogre
   161 | D        | Reached XP level 6. HP: 14/51 MP: 6/6
   161 | D        | Reached XP level 7. HP: 15/57 MP: 7/7
   166 | D        | Reached * piety under Makhleb
   166 | D        | Reached skill level 1 in Invocations
   166 | D        | Reached XP level 8. HP: 18/64 MP: 7/9
   183 | D        | Killed a yak
   183 | D        | Reached ** piety under Makhleb
   312 | D        | Noticed a gargoyle
   317 | D        | Killed a gargoyle
   317 | D        | Reached skill level 5 in Armour
   317 | D        | Reached skill level 5 in Shields
   317 | D        | Reached skill level 5 in Invocations
   322 | D        | Reached *** piety under Makhleb
   492 | D        | Got the ring "Humugh" {rPois rN+ Str+3 Int-5}
   521 | D        | Gained mutation: You have large cloven feet. [potion of mutation]
   521 | D        | Gained mutation: Your body sometimes deteriorates upon taking damage. [potion of mutation]
   521 | D        | Gained mutation: You have sharp fingernails. [potion of mutation]
   522 | D        | Noticed a black mamba
   522 | D        | Noticed a hippogriff
   522 | D        | Noticed a komodo dragon
   525 | D        | Killed a black mamba
   525 | D        | Reached XP level 9. HP: 69/70 MP: 12/14
   529 | D        | Reached **** piety under Makhleb
   529 | D        | Noticed a black mamba
   557 | D        | Killed a komodo dragon
   564 | D        | Killed a black mamba
   564 | D        | Reached ***** piety under Makhleb
   564 | D        | Reached skill level 5 in Maces & Flails
   581 | D        | Noticed a black mamba
   590 | D        | Reached XP level 10. HP: 77/77 MP: 17/17
   595 | D        | Noticed a spiny frog
   622 | D        | Killed a black mamba
   622 | D        | Reached skill level 10 in Invocations
   633 | D        | Reached skill level 10 in Dodging
   639 | D        | Reached ****** piety under Makhleb
   647 | D        | Killed a spiny frog
   647 | D        | Reached skill level 5 in Fighting
   666 | D        | Noticed a death yak
   667 | D        | Noticed a death yak
   674 | D        | Noticed a death yak
   679 | D        | Killed a death yak
   687 | D        | Reached skill level 10 in Shields
   690 | D        | Reached skill level 10 in Armour
   705 | D        | Killed a death yak
   735 | D        | Killed a death yak
   735 | D        | Reached XP level 11. HP: 72/92 MP: 19/19
   793 | D        | Noticed Harold
   814 | D        | Killed Harold
   834 | D        | Noticed Eustachio
   850 | D        | Killed Eustachio
  1004 | D        | Noticed an orc knight
  1020 | D        | Killed an orc knight
  1031 | D        | Noticed an orc knight
  1034 | D        | Killed an orc knight
  1063 | D        | Found Huippip's Gadget Emporium.
  1063 | D        | Noticed an orc sorcerer
  1067 | D        | Killed an orc sorcerer
  1073 | D        | Found Ahemett's Jewellery Shoppe.
  1073 | D        | Noticed an orc sorcerer
  1077 | D        | Killed an orc sorcerer
  1077 | D        | Noticed an orc sorcerer
  1079 | D        | Found Fonge's Distillery.
  1080 | D        | Killed an orc sorcerer
  1085 | D        | Found Ugimna's Book Shoppe.
  1089 | D        | Noticed an orc sorcerer
  1090 | D        | Noticed an orc sorcerer
  1091 | D        | Noticed an orc sorcerer
  1092 | D        | Noticed a sixfirhy
  1093 | D        | Noticed an orc sorcerer
  1094 | D        | Killed an orc sorcerer
  1099 | D        | Killed an orc sorcerer
  1102 | D        | Noticed a sun demon
  1110 | D        | Killed an orc sorcerer
  1117 | D        | Killed an orc sorcerer
  1117 | D        | Reached skill level 10 in Maces & Flails
  1138 | D        | Bought a lightning rod (4/4) for 560 gold pieces
  1140 | D        | Bought an uncursed amulet of the gourmand for 360 gold pieces
  1140 | D        | Bought an uncursed amulet of regeneration for 360 gold pieces
  1281 | D        | Bought a potion of invisibility for 80 gold pieces
  1281 | D        | Bought a potion of invisibility for 80 gold pieces
  1281 | D        | Bought 2 potions of heal wounds for 100 gold pieces
  1281 | D        | Bought a potion of berserk rage for 50 gold pieces
  1281 | D        | Bought a potion of curing for 30 gold pieces
  1281 | D        | Bought a potion of curing for 30 gold pieces
  1281 | D        | Bought a potion of curing for 30 gold pieces
  1311 | D        | Noticed Grum
  1321 | D        | Killed Grum
  1495 | D        | Noticed a six-headed hydra
  1495 | D        | Noticed a tengu warrior
  1495 | D        | Noticed a death knight
  1500 | D        | Noticed a centaur warrior
  1506 | D        | Killed a six-headed hydra
  1506 | D        | Reached skill level 10 in Fighting
  1520 | D        | Noticed a deep elf mage
  1520 | D        | Killed a tengu warrior
  1526 | D        | Noticed a hell knight
  1546 | D        | Killed a deep elf mage
  1546 | D        | Reached XP level 12. HP: 74/107 MP: 22/22
  1551 | D        | Noticed a great orb of eyes
  1553 | D        | Killed a death knight
  1553 | D        | Noticed an ogre mage
  1557 | D        | Noticed a fire dragon
  1561 | D        | Killed a centaur warrior
  1568 | D        | Killed a great orb of eyes
  1569 | D        | Noticed a stone giant
  1570 | D        | Killed an ogre mage
  1573 | D        | Killed a fire dragon
  1583 | D        | Killed a stone giant
  1592 | D        | Noticed a rakshasa
  1607 | D        | Killed a rakshasa
  1748 | D        | Noticed Saint Roka
  1818 | D        | Killed Saint Roka
  1884 | D        | Noticed Urug
  1909 | D        | Killed Urug
  1967 | D        | Noticed a nagaraja
  1990 | D        | Killed a nagaraja
  1992 | D        | Reached skill level 15 in Long Blades
  1998 | D        | Noticed a naga warrior
  2004 | D        | Reached XP level 13. HP: 101/119 MP: 23/23
  2024 | D        | Noticed a merfolk impaler
  2030 | D        | Killed a merfolk impaler
  2040 | D        | Reached skill level 15 in Invocations
  2125 | D        | Noticed an entropy weaver
  2165 | D        | Killed an entropy weaver
  2263 | D        | Noticed Rupert
  2269 | D        | Killed Rupert
  2353 | D        | Noticed a stone giant
  2353 | D        | Noticed a stone giant
  2353 | D        | Noticed a great orb of eyes
  2353 | D        | Noticed a fire giant
  2359 | D        | Killed a stone giant
  2363 | D        | Killed a stone giant
  2369 | D        | Killed a great orb of eyes
  2394 | D        | Killed a fire giant
  2394 | D        | Reached skill level 15 in Armour
  2394 | D        | Reached skill level 15 in Shields
  2395 | D        | Noticed an ice dragon
  2401 | D        | Noticed a fire dragon
  2409 | D        | Killed an ice dragon
  2430 | D        | Killed a fire dragon
  2465 | D        | Noticed a frost giant
  2469 | D        | HP: 3/125 [frost giant/battleaxe of freezing (4)]
  2472 | D        | HP: 1/125 [frost giant/battleaxe of freezing (22)]
  2472 | D        | Mangled by a frost giant

Vault maps used:
D:        linesprint

Skill      XL: |  1  2  3  4  5  6  7  8  9 10 11 12 13 |
---------------+----------------------------------------+-----
Long Blades    | 4 7 9 14 15 16 | 16.0
Dodging        | 3 7 8 9 10 11 12 13 | 13.6
Invocations    | 1 7 9 11 13 14 16 | 16.2
Armour         | 7 8 10 12 13 15 | 15.1
Shields        | 7 8 10 12 13 15 | 15.1
Maces & Flails | 2 5 8 10 12 14 | 14.1
Fighting       | 7 10 12 14 | 14.4

Action                   |  1- 3 |  4- 6 |  7- 9 | 10-12 | 13-15 || total
-------------------------+-------+-------+-------+-------+-------++-------
Melee: Long sword        |    35 |     2 |       |       |       ||    37
       Scimitar          |       |     5 |    97 |   165 |       ||   267
       Kick              |       |       |    10 |    39 |       ||    49
       Double sword      |       |       |       |   113 |    36 ||   149
       Morningstar       |       |       |       |     8 |       ||     8
Throw: Throwing net      |       |       |       |     2 |       ||     2
Invok: Major Destruction |       |       |       |     7 |       ||     7
       Lesser Servant of |       |       |       |     1 |       ||     1
       Greater Servant o |       |       |       |    10 |    10 ||    20
Evoke: Wand              |       |       |       |     1 |       ||     1
       Lightning rod     |       |       |       |       |     1 ||     1
  Use: Potion            |       |       |     3 |     7 |     8 ||    18
 Stab: Invisible         |       |       |       |       |     1 ||     1
  Eat: Chunk             |       |       |       |    30 |    10 ||    40
Armor: Scale mail        |    13 |       |       |       |       ||    13
       Ring mail         |       |       |    20 |    12 |       ||    32
       Storm dragon scal |       |       |       |    44 |     9 ||    53
Dodge: Dodged            |     6 |     1 |    26 |    71 |    23 ||   127
Block: Shield            |    14 |     3 |    32 |   124 |    24 ||   197
       Rpst.: Long sword |     3 |       |       |       |       ||     3
       Scimitar          |       |       |     7 |     7 |       ||    14
       Double sword      |       |       |       |     6 |     3 ||     9

Table legend:
 A = Spawn XP
 B = Non-spawn XP
 C = Spawn XP percentage of total XP
 D = Spawn monster count
 E = Non-spawn monster count
 F = Spawn count percentage of total count
 G = Total turns spent on level
                    A         B        C        D         E        F      G
               +---------+---------+-------+---------+---------+-------+---------
         Total |       0 |   49070 |   0.0 |       0 |     162 |   0.0 |  2472
               +---------+---------+-------+---------+---------+-------+---------
             D |       0 |   49070 |   0.0 |       0 |     162 |   0.0 |  2472
               +---------+---------+-------+---------+---------+-------+---------
